Map: Frozen Temple

Players

IlIlIlIlIIlI - Winner!

  • Race: Protoss Protoss
  • League: Master

Miszu

  • Race: Terran Terran
  • League: Grandmaster

VOD

Have the link to the VOD?

Description

Time

  • Played on: May 19, 2016, 12:25 p.m.
  • Length: 8:03
Show
View Real Time Build Order
Export as new Build Order

IlIlIlIlIIlI Protoss - Winner!

Build Orders: 1 Gate Expand, Oracle Opening 

Get SALT Encoding   

  12  0:01  Probe (Chrono Boost)  
  13  0:11  Probe (Chrono Boost)  
  14  0:18  Pylon  
  14  0:22  Probe (Chrono Boost)  
  15  0:36  Gateway, Probe (Chrono Boost)  
  15  0:41  Assimilator  
  16  0:46  Probe (Chrono Boost)  
  18  0:57  Probe (Chrono Boost)  
  18  1:07  Probe (Chrono Boost)  
  19  1:21  Nexus  
  19  1:23  Probe (Chrono Boost)  
  20  1:35  Probe (Chrono Boost)  
  20  1:36  Cybernetics Core  
  20  1:39  Assimilator  
  21  1:49  Probe (Chrono Boost)  
  21  1:55  Pylon  
  21  1:59  Probe (Chrono Boost)  
  22  2:10  Probe (Chrono Boost)  
  22  2:13  Adept (Chrono Boost)  
  25  2:20  Stargate  
  25  2:23  Probe  
  26  2:30  Warp Gate  
  26  2:33  Probe  
  26  2:35  Probe  
  28  2:37  Adept (Chrono Boost)  
  28  2:43  Probe  
  30  2:47  Probe  
  32  2:54  Probe  
  33  2:58  Adept (Chrono Boost)  
  33  2:59  Probe  
  33  3:05  Oracle (Chrono Boost)  
  36  3:06  Probe  
  36  3:11  Probe  
  41  3:16  Pylon  
  41  3:18  Probe  
  42  3:23  Probe (Chrono Boost)  
  43  3:31  Probe (Chrono Boost)  
  43  3:32  Oracle (Chrono Boost)  
  44  3:35  Probe (Chrono Boost)  
  44  3:39  Gateway  
  44  3:40  Gateway  
  48  3:44  Probe (Chrono Boost)  
  48  3:46  Probe (Chrono Boost)  
  48  3:47  Pylon  
  51  3:56  Probe x2 (Chrono Boost)  
  48  4:12  Probe (Chrono Boost)  
  48  4:14  Nexus, Pylon  
  49  4:19  Mothership Core (Chrono Boost)  
  49  4:23  Probe (Chrono Boost)  
  49  4:24  Assimilator x2  
  50  4:34  Probe (Chrono Boost)  
  52  4:38  Probe (Chrono Boost)  
  52  4:39  Stalker x3  
  52  4:44  Probe (Chrono Boost)  
  59  4:49  Probe (Chrono Boost)  
  60  4:55  Probe (Chrono Boost)  
  60  4:59  Probe (Chrono Boost)  
  62  5:05  Probe (Chrono Boost)  
  62  5:06  Twilight Council  
  63  5:07  Forge  
  63  5:10  Probe (Chrono Boost)  
  63  5:13  Sentry, Stalker  
  63  5:14  Pylon, Stalker  
  70  5:26  Probe x3 (Chrono Boost)  
  73  5:29  Protoss Ground Weapons Level 1  
  73  5:36  Probe x2 (Chrono Boost)  
  73  5:37  Probe (Chrono Boost)  
  73  5:40  Gateway x2  
  73  5:41  Blink (Chrono Boost)  
  73  5:42  Pylon  
  76  5:45  Probe  
  76  5:47  Gateway  
  77  5:50  Probe  
  78  5:57  Probe  
  78  6:00  Stalker x2  
  78  6:01  Stalker  
  78  6:02  Probe  
  78  6:03  Pylon  
  86  6:19  Robotics Facility  
  86  6:24  Gateway  
  86  6:25  Stalker  
  88  6:27  Gateway x2  
  88  6:31  Pylon, Stalker x2  
  92  6:33  Pylon  
  92  6:50  Pylon x2  
  92  6:52  Pylon  
  92  6:56  Stalker x6  
  104  7:08  Observer (Chrono Boost)  
  105  7:14  Gateway  
  105  7:21  Adept x5  
  105  7:22  Adept  
  110  7:32  Stalker x3  
  110  7:35  Pylon  
  116  7:49  Stalker x5  
  126  7:52  Pylon  
Show
View Real Time Build Order
Export as new Build Order

Miszu Terran 

Build Orders: MMM Bio 

Get SALT Encoding   

  12  0:00  SCV  
  13  0:13  SCV  
  14  0:18  Supply Depot  
  14  0:25  SCV  
  15  0:40  SCV  
  15  0:41  Barracks  
  16  0:52  SCV  
  17  1:05  SCV  
  18  1:14  Command Center  
  18  1:27  Orbital Command  
  18  1:28  Marine  
  19  1:41  Barracks  
  19  1:46  Marine  
  20  1:54  SCV  
  21  1:57  Barracks  
  21  2:03  Marine  
  21  2:06  SCV  
  23  2:14  Refinery  
  23  2:15  Refinery  
  23  2:28  Marine x2, SCV  
  26  2:32  Orbital Command  
  26  2:40  SCV  
  27  2:46  Marine x2, Barracks Tech Lab  
  27  2:51  Supply Depot  
  29  2:53  SCV  
  30  3:01  SCV  
  30  3:04  Marine  
  30  3:05  SCV  
  33  3:06  Marine  
  33  3:11  Marine, Stimpack  
  35  3:19  SCV x2  
  37  3:21  Marine  
  37  3:24  Marine  
  39  3:30  Marine  
  39  3:31  SCV  
  39  3:32  SCV  
  42  3:38  Supply Depot  
  42  3:40  Marine  
  43  3:43  Factory, SCV  
  43  3:47  Marine  
  46  3:54  SCV  
  46  3:59  Marine  
  46  4:00  Marauder, SCV  
  46  4:02  Supply Depot  
  40  4:11  SCV  
  40  4:13  Marine  
  40  4:15  SCV  
  42  4:17  Marine  
  42  4:21  Marine  
  44  4:31  Starport, Marine, Factory Reactor  
  44  4:35  Marine  
  41  4:40  Marine  
  41  4:41  SCV  
  41  4:42  SCV  
  43  4:49  Marine  
  44  4:53  SCV  
  44  4:54  SCV  
  44  4:56  Engineering Bay  
  44  4:58  Marine  
  48  5:05  SCV  
  48  5:06  SCV  
  50  5:07  Refinery  
  50  5:09  Barracks Reactor, Barracks Tech Lab  
  49  5:16  Medivac x2, Factory Reactor  
  51  5:24  SCV x2  
  51  5:26  Missile Turret  
  51  5:28  Missile Turret  
  51  5:32  Marauder  
  51  5:33  Combat Shields  
  53  5:36  SCV x2  
  53  5:40  Marauder  
  57  5:44  Terran Infantry Weapons Level 1  
  57  5:48  SCV x2  
  58  6:00  SCV x2  
  58  6:01  Marauder  
  62  6:06  Supply Depot  
  62  6:07  Supply Depot  
  62  6:10  Supply Depot  
  62  6:11  Marine x2, Marauder  
  66  6:15  SCV x2  
  68  6:23  Medivac  
  70  6:28  Medivac, SCV x2  
  70  6:29  Marine  
  75  6:34  Marine  
  75  6:35  Marine x2  
  75  6:39  Command Center  
  78  6:41  SCV  
  78  6:46  Marine  
  80  6:49  SCV  
  80  6:51  Supply Depot  
  80  6:52  Marine x2  
  80  6:53  SCV  
  84  6:57  Refinery, Medivac  
  84  6:59  Medivac  
  88  7:07  Marine x2  
  90  7:09  Concussive Shells  
  90  7:10  Marine, Widow Mine x2  
  93  7:15  Supply Depot  
  83  7:31  Marine  
  84  7:40  Marine, Marauder  
  83  7:55  Barracks  
  83  7:57  Barracks  
Tags
 
Add a new tag
Caveats
  • Supply blocks, unpowered buildings, or Contaminate may cause inaccurate times.
  • Supply counts are checked every 10 seconds.